Map: Zen LE

Players

TLO - Winner!

  • Race: Zerg Zerg
  • Spawn Location: 7:00

Has

  • Race: Protoss Protoss
  • Spawn Location: 1:00

Event: IEM Katowice 2020

VOD

Have the link to the VOD?

Description

Time

  • Played on: Feb. 24, 2020, 11:48 a.m.
  • Length: 9:07

All games in this series

Show
View Real Time Build Order
Export as new Build Order

TLO Zerg - Winner!

Build Orders: Hatch First 

Get SALT Encoding   

  12  0:00  Drone  
  13  0:12  Overlord  
  13  0:17  Drone  
  14  0:31  Drone x2  
  16  0:47  Hatchery  
  15  0:52  Drone  
  15  0:54  Drone  
  17  1:01  Extractor, Drone  
  17  1:16  Spawning Pool  
  17  1:17  Drone  
  17  1:21  Drone  
  18  1:37  Drone  
  19  1:44  Drone  
  20  1:54  Overlord  
  20  2:02  Queen  
  20  2:05  Metabolic Boost  
  20  2:06  Queen  
  24  2:11  Drone  
  24  2:13  Drone  
  26  2:18  Drone  
  26  2:19  Zergling x2  
  26  2:22  Zergling x2  
  29  2:25  Drone  
  30  2:33  Drone  
  30  2:34  Drone  
  32  2:40  Queen  
  32  2:43  Overlord  
  34  2:56  Extractor  
  32  2:59  Drone, Overlord  
  32  3:03  Drone  
  32  3:04  Zergling x2  
  35  3:06  Extractor  
  35  3:07  Zergling x2  
  35  3:10  Drone  
  35  3:11  Drone x2  
  39  3:15  Drone  
  40  3:21  Drone  
  40  3:22  Drone  
  42  3:29  Hatchery  
  42  3:33  Zergling x2  
  45  3:34  Zergling x4  
  45  3:39  Queen  
  45  3:40  Overlord  
  46  3:41  Overlord  
  46  3:48  Overlord  
  46  3:50  Evolution Chamber  
  46  3:55  Overlord  
  45  3:59  Drone, Overlord  
  46  4:04  Zergling x4  
  46  4:05  Drone  
  46  4:06  Drone  
  46  4:07  Drone  
  50  4:10  Zergling x2  
  50  4:15  Spore Crawler  
  50  4:16  Zerg Melee Weapons Level 1  
  48  4:20  Drone  
  48  4:21  Drone  
  48  4:23  Drone  
  50  4:25  Queen  
  50  4:27  Drone  
  50  4:30  Zergling x2  
  54  4:32  Drone  
  54  4:34  Drone  
  54  4:35  Zergling x2  
  54  4:36  Zergling x2  
  57  4:41  Zergling x4  
  58  4:47  Drone x3  
  58  4:52  Baneling Nest  
  59  4:53  Drone  
  59  4:57  Drone x2  
  59  4:59  Drone  
  63  5:01  Spore Crawler, Queen  
  63  5:03  Drone  
  63  5:04  Drone  
  63  5:06  Zergling x2  
  67  5:07  Drone  
  67  5:10  Drone  
  67  5:12  Drone  
  67  5:13  Spore Crawler  
  69  5:19  Drone  
  69  5:20  Zergling x2, Drone x2  
  73  5:22  Lair  
  73  5:23  Extractor  
  73  5:24  Zergling x2  
  73  5:29  Zergling x4  
  73  5:30  Zergling x2  
  73  5:31  Zergling x2  
  73  5:32  Zergling x2  
  73  5:33  Drone x2  
  80  5:38  Zergling x2  
  80  5:41  Zergling x8  
  84  5:43  Zergling x2  
  84  5:45  Zergling x2  
  84  5:46  Zergling x6  
  89  5:52  Overlord  
  89  5:57  Overlord  
  89  5:58  Baneling x7  
  89  6:04  Zergling x4  
  88  6:05  Overlord  
  88  6:06  Overlord  
  89  6:13  Zergling x8  
  89  6:17  Hatchery  
  88  6:19  Zergling x2  
  88  6:23  Zergling x10  
  88  6:25  Zergling x2  
  89  6:27  Spore Crawler  
  89  6:29  Spore Crawler  
  89  6:30  Spore Crawler  
  89  6:31  Spore Crawler  
  83  6:34  Zergling x4  
  83  6:35  Zergling x2  
  83  6:36  Queen  
  83  6:37  Zergling x2  
  83  6:39  Zergling x2  
  88  6:42  Drone x2  
  88  6:43  Spore Crawler, Zergling x2  
  88  6:47  Drone  
  88  6:50  Zergling x2  
  88  6:51  Zergling x2  
  88  6:52  Drone  
  91  6:54  Drone  
  91  6:55  Zergling x2  
  91  6:56  Zergling x2  
  88  7:01  Drone  
  88  7:02  Drone x4  
  88  7:06  Drone  
  88  7:07  Extractor  
  94  7:08  Drone  
  94  7:11  Extractor x2, Drone  
  94  7:12  Drone  
  94  7:13  Drone  
  93  7:19  Drone  
  93  7:20  Drone  
  93  7:21  Drone x4  
  93  7:26  Queen  
  95  7:30  Spire  
  95  7:33  Zergling x2  
  95  7:34  Zergling x4  
  91  7:37  Zergling x2  
  91  7:38  Zergling x8  
  92  7:47  Zergling x12, Extractor  
  92  7:49  Zergling x2  
  91  7:55  Drone  
  90  8:00  Drone  
  90  8:01  Drone x3  
  95  8:05  Drone  
  95  8:07  Zergling x4  
  95  8:08  Zergling x2  
  95  8:12  Zergling x12  
  103  8:14  Zergling x4  
  105  8:21  Zergling x2  
  105  8:24  Zergling x2  
  105  8:26  Zergling x2  
  106  8:28  Zergling x2  
  106  8:29  Zergling x4  
  106  8:31  Zergling x2  
  107  8:34  Zergling x2  
  107  8:36  Zergling x2  
  107  8:39  Baneling x5  
  107  8:40  Drone  
  108  8:42  Spore Crawler  
  108  8:43  Drone x8  
  108  8:47  Overlord  
  114  8:57  Hydralisk Den  
Show
View Real Time Build Order
Export as new Build Order

Has Protoss 

Build Orders: 1 Gate Expand, Oracle Opening, Phoenix Opening, Mass Phoenix 

Get SALT Encoding   

  12  0:00  Probe  
  13  0:12  Probe  
  14  0:20  Pylon  
  14  0:24  Probe  
  15  0:39  Probe (Chrono Boost)  
  15  0:41  Gateway  
  16  0:47  Probe (Chrono Boost)  
  16  0:48  Assimilator  
  17  0:53  Probe  
  18  1:05  Probe  
  19  1:16  Pylon  
  20  1:27  Nexus  
  20  1:33  Probe  
  20  1:35  Cybernetics Core  
  20  1:41  Assimilator  
  20  1:45  Probe  
  21  1:50  Pylon  
  21  1:57  Probe  
  22  2:09  Probe, Adept (Chrono Boost)  
  22  2:12  Warp Gate  
  25  2:21  Probe  
  26  2:30  Stargate  
  26  2:35  Probe (Chrono Boost)  
  26  2:36  Pylon  
  27  2:40  Stalker  
  27  2:43  Probe (Chrono Boost)  
  32  2:51  Probe (Chrono Boost)  
  32  2:52  Probe (Chrono Boost)  
  32  2:57  Probe (Chrono Boost)  
  32  2:58  Probe  
  33  3:03  Pylon  
  34  3:09  Probe (Chrono Boost)  
  34  3:12  Phoenix (Chrono Boost)  
  36  3:13  Probe (Chrono Boost)  
  39  3:21  Probe (Chrono Boost)  
  39  3:25  Probe (Chrono Boost)  
  39  3:26  Probe (Chrono Boost)  
  40  3:30  Oracle  
  44  3:34  Probe  
  44  3:35  Probe  
  44  3:44  Assimilator x2  
  44  3:46  Probe  
  44  3:47  Probe  
  46  3:50  Gateway  
  46  3:56  Stargate  
  46  3:58  Probe  
  46  4:00  Probe  
  46  4:02  Adept  
  50  4:10  Probe  
  50  4:12  Probe  
  52  4:17  Phoenix  
  52  4:23  Nexus  
  54  4:25  Pylon  
  54  4:30  Pylon  
  54  4:43  Probe x2  
  54  4:45  Adept  
  58  4:46  Adept  
  58  4:51  Stargate  
  58  4:52  Stargate  
  60  4:56  Probe  
  61  5:00  Probe  
  61  5:01  Phoenix (Chrono Boost), Pylon  
  64  5:07  Shield Battery  
  64  5:08  Probe  
  64  5:13  Probe  
  66  5:16  Forge  
  66  5:19  Phoenix (Chrono Boost)  
  68  5:24  Probe  
  68  5:27  Probe, Pylon  
  70  5:31  Pylon  
  70  5:33  Pylon  
  70  5:35  Phoenix x2 (Chrono Boost)  
  72  5:37  Probe  
  72  5:40  Probe  
  72  5:41  Probe  
  77  5:49  Phoenix (Chrono Boost)  
  80  5:50  Probe  
  80  5:52  Probe  
  80  5:53  Probe  
  80  5:55  Pylon  
  80  5:56  Phoenix (Chrono Boost)  
  82  5:59  Phoenix (Chrono Boost)  
  82  6:02  Probe  
  87  6:05  Adept x2  
  87  6:10  Gateway  
  91  6:15  Probe, Gateway  
  89  6:22  Oracle x2 (Chrono Boost)  
  87  6:29  Zealot  
  87  6:31  Adept  
  80  6:33  Pylon  
  80  6:37  Pylon  
  80  6:38  Pylon  
  78  6:43  Oracle  
  81  6:48  Probe x2  
  81  6:52  Adept x2  
  85  7:06  Nexus  
  83  7:16  Cybernetics Core  
  83  7:17  Probe  
  83  7:22  Pylon  
  81  7:25  Nexus  
  81  7:26  Zealot x2  
  81  7:28  Zealot  
  71  7:31  Zealot  
  71  7:34  Probe  
  71  7:36  Probe  
  68  7:46  Probe  
  68  7:47  Zealot  
  68  7:50  Probe  
  63  7:58  Probe  
  64  8:07  Probe  
  65  8:13  Probe  
  65  8:14  Sentry x3  
  65  8:19  Probe  
  73  8:25  Probe  
  72  8:31  Probe  
  73  8:37  Probe (Chrono Boost)  
  73  8:39  Twilight Council  
  74  8:43  Probe (Chrono Boost)  
  74  8:44  Probe (Chrono Boost)  
  76  8:49  Probe (Chrono Boost)  
  76  8:54  Probe (Chrono Boost)  
  76  8:55  Probe (Chrono Boost), Sentry  
  78  8:56  Probe (Chrono Boost), Sentry  
  78  9:00  Zealot x2  

Tags
 
Add a new tag
Caveats
  • Supply blocks, unpowered buildings, or Contaminate may cause inaccurate times.
  • Supply counts are checked every 10 seconds.